% Time on Ice - RENO LIONS
Lines # - Real PCT - Wanted PCT - Time Play
Normal Forward
1 - 40% - 40% - 21:25
2 - 33% - 35% - 17:31
3 - 18% - 20% - 9:38
4 - 9% - 5% - 4:53
Normal Defense
1 - 37% - 36% - 19:46
2 - 38% - 36% - 20:05
3 - 24% - 23% - 12:58
4 - 1% - 5% - 0:38
PP Forward
1 - 56% - 55% - 1:07
2 - 44% - 45% - 0:52
PP Defense
1 - 56% - 55% - 1:07
2 - 44% - 45% - 0:52
PK Forward
1 - 70% - 55% - 2:59
2 - 30% - 45% - 1:15
PK Defense
1 - 57% - 55% - 2:25
2 - 43% - 45% - 1:49
PK3 Forward
1 - 0% - 55%
2 - 0% - 45%
PK3 Defense
1 - 0% - 55%
2 - 0% - 45%
44 Forward
1 - 0% - 60%
2 - 0% - 40%
44 Defense
1 - 0% - 60%
2 - 0% - 40%
Last Minute Offensive  - 0:20
Last Minute Defensive  - 0:00
Total
Forward - 60:00
Defense - 60:00
% Time on Ice - SAN JOSE BRONCOS
Lines # - Real PCT - Wanted PCT - Time Play
Normal Forward
1 - 34% - 36% - 18:00
2 - 30% - 31% - 15:47
3 - 26% - 23% - 13:39
4 - 10% - 10% - 5:22
Normal Defense
1 - 36% - 38% - 18:58
2 - 31% - 32% - 16:21
3 - 33% - 30% - 17:29
4 - 0% - 0% - 0:00
PP Forward
1 - 55% - 50% - 2:19
2 - 45% - 50% - 1:55
PP Defense
1 - 46% - 50% - 1:58
2 - 54% - 50% - 2:16
PK Forward
1 - 55% - 50% - 1:06
2 - 45% - 50% - 0:53
PK Defense
1 - 55% - 50% - 1:06
2 - 45% - 50% - 0:53
PK3 Forward
1 - 0% - 50%
2 - 0% - 50%
PK3 Defense
1 - 0% - 50%
2 - 0% - 50%
44 Forward
1 - 0% - 50%
2 - 0% - 50%
44 Defense
1 - 0% - 50%
2 - 0% - 50%
Last Minute Offensive  - 0:00
Last Minute Defensive  - 0:59
Total
Forward - 60:00
Defense - 60:00
Play-by-Play 1st period 0:01 of 1st period - Brayden Point wins face-off versus William Karlsson in neutral zone. 0:07 of 1st period - Minor Penalty to Jacob Trouba for Hooking. 0:08 of 1st period - Anders Lee wins face-off versus Brayden Point in RENO LIONS zone. 0:57 of 1st period - Off-side. 0:58 of 1st period - William Karlsson wins face-off versus Evgeni Malkin in neutral zone. 1:18 of 1st period - Icing by Zdeno Chara. 1:19 of 1st period - William Karlsson wins face-off versus Evgeni Malkin in SAN JOSE BRONCOS zone. 1:30 of 1st period - Tomas Nosek is hit by Oliver Bjorkstrand and loses puck. 2:33 of 1st period - Shot by Mikael Granlund. 2:33 of 1st period - Stopped by Elvis Merzlikins without a rebound. 2:34 of 1st period - Elias Pettersson wins face-off versus Brayden Point in RENO LIONS zone. 2:34 of 1st period - Elias Pettersson is hit by Elias Lindholm. 3:12 of 1st period - Shot by Neal Pionk. 3:12 of 1st period - Shot Misses the Net. 3:18 of 1st period - Shot by Brayden Point. 3:18 of 1st period - Stopped by Elvis Merzlikins without a rebound. 3:19 of 1st period - Evgeni Malkin wins face-off versus William Karlsson in RENO LIONS zone. 3:19 of 1st period - Evgeni Malkin is hit by Justin Schultz. 3:40 of 1st period - Jesper Bratt is hit by Ethan Bear and loses puck. 3:46 of 1st period - Icing by Ethan Bear. 3:47 of 1st period - Mikael Granlund wins face-off versus William Karlsson in RENO LIONS zone. 5:14 of 1st period - Shot by Jesper Bratt. 5:14 of 1st period - Stopped by Elvis Merzlikins with a rebound. 6:08 of 1st period - Shot by Claude Giroux. 6:08 of 1st period - Shot Blocked by Jacob Trouba. 6:10 of 1st period - Shot by Jaccob Slavin. 6:10 of 1st period - Shot Blocked by Tomas Nosek. 6:14 of 1st period - Shot by Claude Giroux. 6:14 of 1st period - Shot Blocked by Jacob Trouba. 6:16 of 1st period - Shot by Brayden Point. 6:16 of 1st period - Stopped by Elvis Merzlikins without a rebound. 6:17 of 1st period - Nick Bonino wins face-off versus Elias Pettersson in RENO LIONS zone. 6:36 of 1st period - Shot by Cam Atkinson. 6:36 of 1st period - Stopped by Jacob Markstrom without a rebound. 6:37 of 1st period - William Karlsson wins face-off versus Evgeni Malkin in SAN JOSE BRONCOS zone. 6:42 of 1st period - Shot by Kirill Kaprizov. 6:42 of 1st period - Shot Misses the Net. 7:06 of 1st period - Shot by Oliver Bjorkstrand. 7:06 of 1st period - Stopped by Elvis Merzlikins without a rebound. 7:07 of 1st period - Elias Pettersson wins face-off versus Brayden Point in RENO LIONS zone. 7:43 of 1st period - Off-side. 7:44 of 1st period - William Karlsson wins face-off versus Evgeni Malkin in neutral zone. 8:09 of 1st period - Shot by Evgeni Malkin. 8:09 of 1st period - Stopped by Elvis Merzlikins without a rebound. 8:10 of 1st period - Nick Bonino wins face-off versus Leo Komarov in RENO LIONS zone. 8:10 of 1st period - David Kampf is hit by Jacob Trouba and loses puck. 8:13 of 1st period - Shot by Nick Bonino. 8:13 of 1st period - Stopped by Elvis Merzlikins without a rebound. 8:14 of 1st period - Elias Pettersson wins face-off versus Brayden Point in RENO LIONS zone. 8:23 of 1st period - Shot by Cam Atkinson. 8:23 of 1st period - Shot Blocked by Brayden Point. 8:25 of 1st period - Shot by Jacob Trouba. 8:25 of 1st period - Stopped by Jacob Markstrom without a rebound. 8:26 of 1st period - Mikael Granlund wins face-off versus William Karlsson in SAN JOSE BRONCOS zone. 8:37 of 1st period - Shot by William Karlsson. 8:37 of 1st period - Shot Misses the Net. 9:04 of 1st period - Shot by Kirill Kaprizov. 9:04 of 1st period - Stopped by Jacob Markstrom without a rebound. 9:05 of 1st period - Elias Pettersson wins face-off versus Brayden Point in SAN JOSE BRONCOS zone. 9:49 of 1st period - Shot by Elias Lindholm. 9:49 of 1st period - Shot Misses the Net. 10:13 of 1st period - Shot by William Karlsson. 10:13 of 1st period - Shot Misses the Net. 10:15 of 1st period - Shot by William Karlsson. 10:15 of 1st period - Shot Misses the Net. 10:31 of 1st period - Shot by William Karlsson. 10:31 of 1st period - Shot Misses the Net. 10:39 of 1st period - Shot by William Karlsson. 10:39 of 1st period - Shot Misses the Net. 10:41 of 1st period - Shot by Anders Lee. 10:41 of 1st period - Shot Misses the Net. 10:43 of 1st period - Shot by William Karlsson. 10:43 of 1st period - Shot Misses the Net. 10:45 of 1st period - Shot by William Karlsson. 10:45 of 1st period - Goal by William Karlsson - RENO LIONS : 1 - SAN JOSE BRONCOS : 0. 10:46 of 1st period - Tomas Nosek wins face-off versus Tyler Motte in neutral zone. 10:53 of 1st period - Shot by Evgeny Dadonov. 10:53 of 1st period - Shot Blocked by Zdeno Chara. 11:28 of 1st period - Shot by Tyler Motte. 11:28 of 1st period - Shot Misses the Net. 11:47 of 1st period - Icing by Jaccob Slavin. 11:48 of 1st period - Blake Coleman wins face-off versus Brayden Point in SAN JOSE BRONCOS zone. 11:51 of 1st period - Shot by Blake Coleman. 11:51 of 1st period - Stopped by Jacob Markstrom without a rebound. 11:52 of 1st period - Brayden Point wins face-off versus Elias Pettersson in SAN JOSE BRONCOS zone. 12:07 of 1st period - Shot by Claude Giroux. 12:07 of 1st period - Stopped by Elvis Merzlikins with a rebound. 12:09 of 1st period - Shot by Elias Lindholm. 12:09 of 1st period - Shot Misses the Net. 12:11 of 1st period - Shot by Claude Giroux. 12:11 of 1st period - Stopped by Elvis Merzlikins without a rebound. 12:12 of 1st period - William Karlsson wins face-off versus Evgeni Malkin in RENO LIONS zone. 12:41 of 1st period - Shot by Oliver Bjorkstrand. 12:41 of 1st period - Shot Misses the Net. 12:43 of 1st period - Shot by Evgeni Malkin. 12:43 of 1st period - Shot Misses the Net. 12:49 of 1st period - Shot by Evgeni Malkin. 12:49 of 1st period - Shot Misses the Net. 12:51 of 1st period - Shot by Evgeni Malkin. 12:51 of 1st period - Shot Misses the Net. 13:17 of 1st period - Anthony Beauvillier is hit by Robert Hagg and loses puck. 13:30 of 1st period - Shot by Connor Brown. 13:30 of 1st period - Shot Misses the Net. 13:46 of 1st period - Shot by Connor Brown. 13:46 of 1st period - Stopped by Elvis Merzlikins without a rebound. 13:47 of 1st period - Elias Pettersson wins face-off versus Brayden Point in RENO LIONS zone. 13:47 of 1st period - Elias Pettersson is hit by Brayden Point. 13:50 of 1st period - Icing by Blake Coleman. 13:51 of 1st period - Elias Pettersson wins face-off versus Brayden Point in RENO LIONS zone. 13:51 of 1st period - Elias Pettersson is hit by Elias Lindholm. 13:58 of 1st period - Elias Pettersson is hit by Zdeno Chara and loses puck. 14:44 of 1st period - Icing by Ethan Bear. 14:45 of 1st period - Mikael Granlund wins face-off versus Elias Pettersson in RENO LIONS zone. 14:46 of 1st period - Shot by Connor Brown. 14:46 of 1st period - Shot Misses the Net. 14:48 of 1st period - Shot by Jaccob Slavin. 14:48 of 1st period - Stopped by Elvis Merzlikins without a rebound. 14:49 of 1st period - Tomas Nosek wins face-off versus Evgeni Malkin in RENO LIONS zone. 15:27 of 1st period - Shot by Evgeny Dadonov. 15:27 of 1st period - Shot Blocked by Neal Pionk. 16:20 of 1st period - Shot by Brayden Point. 16:20 of 1st period - Stopped by Elvis Merzlikins with a rebound. 16:22 of 1st period - Shot by Elias Lindholm. 16:22 of 1st period - Shot Misses the Net. 16:24 of 1st period - Shot by Chris Tanev. 16:24 of 1st period - Stopped by Elvis Merzlikins with a rebound. 16:26 of 1st period - Shot by Brayden Point. 16:26 of 1st period - Deflect By Elias Lindholm. 16:26 of 1st period - Stopped by Elvis Merzlikins without a rebound. 16:27 of 1st period - Elias Pettersson wins face-off versus Mikael Granlund in RENO LIONS zone. 16:27 of 1st period - Elias Pettersson is hit by Mikael Granlund. 16:43 of 1st period - Shot by Connor Brown. 16:43 of 1st period - Stopped by Elvis Merzlikins without a rebound. 16:44 of 1st period - Nick Bonino wins face-off versus Leo Komarov in RENO LIONS zone. 16:51 of 1st period - Shot by Nick Bonino. 16:51 of 1st period - Shot Misses the Net. 16:57 of 1st period - Shot by Tyler Motte. 16:57 of 1st period - Stopped by Elvis Merzlikins with a rebound. 16:59 of 1st period - Shot by Nick Bonino. 16:59 of 1st period - Shot Misses the Net. 17:07 of 1st period - Shot by David Kampf. 17:07 of 1st period - Stopped by Elvis Merzlikins with a rebound. 17:09 of 1st period - Shot by Tyler Motte. 17:09 of 1st period - Stopped by Elvis Merzlikins without a rebound. 17:10 of 1st period - Elias Pettersson wins face-off versus Mikael Granlund in RENO LIONS zone. 17:10 of 1st period - Elias Pettersson is hit by Connor Brown. 17:34 of 1st period - Adam Pelech is hit by Elias Pettersson and loses puck. 17:48 of 1st period - Icing by Ethan Bear. 17:49 of 1st pe